cohdb
Replays
Latest Replays
All Replays
Popular Replays
Top Player Replays
Match Explorer
How It Works
Community
CoH3 Stats
Reddit
Sign in to upload your games and track your stats! →
Sign in with Steam
Match 30448604
Unlisted
Match 30448604
Overview
Messages
Build Orders
End
Construct Barracks
Selects Special Operations Battlegroup
Selects Special Operations Battlegroup
Selects M29 Weasel Recon Vehicle
M29 Weasel Recon Vehicle
Riflemen Squad
Grenade Package
Riflemen Squad
Riflemen Squad
Infantry Support Center
Riflemen Squad
Selects Smoke Screen
Construct Motor Pool
Selects SSF Commando Squad
SSF Commando Squad
Survival Training
M1918 Browning Automatic Rifles
Advanced Logistics
SSF Commando Squad
M1 Anti-tank Gun Team
Selects P-47 Anti-Infantry Loiter
Selects UNKNOWN (2162291)
P-47 Anti-Infantry Loiter
Construct Tank Depot
Riflemen Squad
P-47 Anti-Infantry Loiter
M18 Hellcat Tank Destroyer
P-47 Anti-Infantry Loiter
P-47 Anti-Infantry Loiter
Husqvarna
Captain Price
jumpman
ceremoney
·0-77ck·
用藏话遮羞的顶真同学
HulkSMASH
Sobieski
0
0
Comments
sign in to comment!
No comments posted yet!